 Dungeon Crawl Stone Soup version 0.27-a0-1308-gc08437e49b (webtiles) character file.

Game seed: 149329160606571291

36 flotson the Sneak (level 3, -9/29 HPs)
             Began as a Demonspawn Delver on June 19, 2021.
             Killed from afar by an orc wizard (11 damage)
             ... with a magic dart
             ... on level 3 of the Dungeon.
             The game lasted 00:03:11 (1841 turns).

flotson the Sneak (Demonspawn Delver)               Turns: 1841, Time: 00:03:12

Health: -9/29      AC:  3    Str: 13    XL:     3   Next: 19%
Magic:  3/3        EV: 17    Int: 11    God:
Gold:   83         SH:  0    Dex: 14    Spells: 2/2 levels left

rFire    . . .     SeeInvis .   a - +0 hand axe
rCold    . . .     Faith    .   (no shield)
rNeg     . . .     Spirit   .   b - +0 leather armour
rPois    .         Reflect  .   (helmet restricted)
rElec    .         Harm     .   (no cloak)
rCorr    .         Rampage  .   (no gloves)
Will     .....                  (no boots)
Stlth    ++........             (no amulet)
HPRegen  0.09/turn              (no ring)
MPRegen  0.08/turn              (no ring)

@: agile
A: horns 1, powered by pain 1
a: no special abilities


You were on level 3 of the Dungeon.
You visited 1 branch of the dungeon, and saw 5 of its levels.

You collected 83 gold pieces.

Inventory:

Hand Weapons
 a - a +0 hand axe (weapon)
Armour
 b - a +0 leather armour (worn)
Jewellery
 l - a ring of wizardry
Wands
 g - a wand of digging (3)
Scrolls
 c - a scroll of fog
 d - a scroll of magic mapping
 e - a scroll of fear
 i - a scroll of amnesia {unknown}
 j - a scroll of identify {unknown}
 m - a scroll of immolation {unknown}
Potions
 f - a potion of haste
 h - a potion of curing {unknown}
 k - a potion of degeneration {unknown}


   Skills:
 + Level 3.3 Fighting
 + Level 2.2 Axes
 + Level 1.1 Armour
 + Level 2.2 Dodging
 - Level 4.5 Stealth


You had 2 spell levels left.
You didn't know any spells.
Your spell library was empty.

Dungeon Overview and Level Annotations

Branches:
Dungeon (5/15)
 Temple: D:4-7

Altars:
Wu Jian


Innate Abilities, Weirdness & Mutations

You have a pair of small horns on your head.
You sometimes gain a little power by taking damage.


Message History

An orc comes into view. It is wielding a +0 hand axe.
Found 3 gold pieces.
The orc closely misses you.
You hit the orc but do no damage. Your headbutt misses the orc.
The orc hits you with a +0 trident. The orc hits you but does no damage.
You hit the orc but do no damage. You headbutt the orc.
The orc is heavily wounded.
The orc misses you.
You closely miss the orc.
The orc is heavily wounded.
The orc hits you with a +0 trident!
You barely miss the orc.
The orc is heavily wounded.
The orc hits you with a +0 trident!
You hit the orc.
The orc is almost dead.
The orc barely misses you.
You hit the orc.
You kill the orc!
You see here 3 gold pieces.
An adder comes into view.
An orc wizard comes into view. It is wielding a +0 dagger.
The adder hisses angrily.
As you read the scroll of fear, it crumbles to dust.
You assume a fearsome visage.
The orc looks frightened!
The orc wizard looks frightened!
The orc wizard shouts!
The adder looks frightened!
You hear a shout! x2
The orc wizard casts a spell.
The orc wizard flickers and vanishes!
Deactivating autopickup; reactivate with Ctrl-A.
A puff of flame appears from out of thin air!
The puff of flame hits you!
* * * LOW HITPOINT WARNING * * *
You focus on the pain.
You feel agile all of a sudden.
A magic dart appears from out of thin air!
The magic dart hits you!
You die...

....... .# #.#.##.#
#.##.## ..
#o#....## ..<..# .
#{###..o# ##.#.# ..
#.....#.# ##.#.##
... #.......#
†.....# ....
#.####### ####..#
..... #.#
####..##o......##.#
................@.#
#####.##o......#..#
# ...#. ...# . ..
..... .. ......# ..
.......# .
......S..
.....#..###


You could see an adder (fleeing) and an orc.

Vanquished Creatures
  A worm (D:2)
  An orc (D:3)
  4 ball pythons
  4 bats
  2 endoplasms
  A giant cockroach (D:2)
  A goblin (D:1)
  4 hobgoblins
  A jackal (D:3)
  A kobold (D:1)
  3 quokkas
  2 frilled lizards
  2 rats (D:1)
27 creatures vanquished.

Vanquished Creatures (others)
  4 toadstools (D:1)
4 creatures vanquished.

Grand Total: 31 creatures vanquished

Notes
Turn   | Place    | Note
-------+----------+-------------------------------------------
     0 | D:5      | flotson the Demonspawn Delver began the quest for the Orb.
     0 | D:5      | Reached XP level 1. HP: 18/18 MP: 1/1
     7 | D:5      | Noticed a necrophage
   345 | D:1      | Gained mutation: You sometimes gain a little power by
                  | taking damage. [demonic ancestry]
   345 | D:1      | Reached XP level 2. HP: 24/24 MP: 2/2
  1059 | D:2      | Reached skill level 1 in Armour
  1300 | D:2      | Gained mutation: You have a pair of small horns on your
                  | head. [demonic ancestry]
  1300 | D:2      | Reached XP level 3. HP: 12/29 MP: 3/3
  1517 | D:2      | Found an ornate altar of the Wu Jian Council.
  1554 | D:2      | Found a faded altar of an unknown god.
  1841 | D:3      | Killed from afar by an orc wizard

Illustrated notes

Levels and vault maps discovered:
D:1:      ldierk_walled_garden_2, layout_loops_cross
D:2:      minmay_razor_zed, layout_loops_corners, basic_altar,
          ebering_ecumenical_altar_sacrificial
D:3:      layout_loops_cross, lemuel_crystal_altar, gammafunk_ghost_arena
D:4:      lemuel_castle_with_subvaults [lemuel_castle_interior_carwin_2],
          layout_loops_cross, minmay_misc_feat_pillars,
          minmay_misc_feat_more_columns, kennysheep_boxes
D:5:      layout_loops_cross, minmay_temple_entry_arrows,
          chequers_ossuary_entry_cave, cheibrodos_sewer_entry_sluice,
          serial_shops, nicolae_lakefront_shop, minmay_misc_feat_room

Skill      XL: |  1  2 |
---------------+-------+-----
Axes           | 2 |  2.2
Dodging        | 2 |  2.2
Armour         | 1 |  1.1
Fighting       | |  3.3
Stealth        | |  4.5

Action                   || total
-------------------------++-------
Melee: Hand axe          ||    89
       Headbutt          ||     1
  Use: Scroll            ||     1
 Stab: Sleeping          ||     5
Armor: Leather armour    ||    39
Dodge: Dodged            ||    94

Table legend: (Time is in decaauts)
 A = Elapsed time spent in this place.
 B = Non-inter-level travel time spent in this place.
 C = Inter-level travel time spent in this place.
 D = Time resting spent in this place.
 E = Time spent auto-exploring this place.
 F = Levels seen in this place.
 G = Mean time per level.
                   A        B        C        D        E       F      G
               +--------+--------+--------+--------+--------+-----+--------+
         Total |   1858 |   1837 |     21 |    149 |   1258 |   5 |  371.6 |
       Dungeon |   1858 |   1837 |     21 |    149 |   1258 |   5 |  371.6 |
               +--------+--------+--------+--------+--------+-----+--------+

Top non-repeatable levels by time:
     D:1: 815 daAuts
     D:2: 766 daAuts
     D:3: 241 daAuts
     D:5: 25 daAuts
     D:4: 9 daAuts
